AoeStats
← SonicTH

Nomad

502921773Analyzed
3v3 RM · 1mo ago on Aug 29, 2026· 30m 0s· 6 players
Game mode
Random Map
Map size
210×210
Population
200
Speed
Normal
Resources
Low
Victory
Standard
Starting age
Dark Age
Ending age
Imperial Age
RankedLock teamsTeams togetherTeam positionsShared explorationLock speedFull tech treeHidden civsTurbo modeCheats
Victory
Defeat
🇺🇸 Italians · United States
1609
+2
🇧🇷 Maya · Brazil
1312
+15
🇮🇪 Vietnamese · Ireland
1146
+16
🇳🇱 Saracens · Netherlands
1309
-14
🇫🇷 Japanese · France
1076
-5
🇳🇱 Italians · Netherlands
1068
-21
mjacobs
7:00 Loom
13:59 Feudal Age
14:35 Double-Bit Axe
19:44 Castle Age
18:43 Fletching
23:04 Bow Saw
25:37 Wheelbarrow
30:54 Imperial Age
28:47 Fishing Lines
Guido
3:06 Loom
3:10 Loom
5:03 Loom
13:56 Feudal Age
17:53 Castle Age
16:21 Stone Mining
16:38 Double-Bit Axe
17:04 Fletching
17:10 Town Watch
20:04 Medium Warships
21:04 Bow Saw
23:05 Bodkin Arrow
26:22 Horse Collar
29:57 Padded Archer Armor
30:24 Ballistics
Count Dracula
5:20 Loom
15:20 Feudal Age
16:37 Wheelbarrow
15:57 Double-Bit Axe
15:57 Horse Collar
23:03 Castle Age
24:05 Hand Cart
24:04 Bow Saw
23:56 Heavy Plow
25:49 Pikeman
26:38 Stone Mining
SonicTH
12:23 Loom
14:46 Feudal Age
19:36 Castle Age
17:57 Gold Mining
17:58 Stone Mining
18:09 Double-Bit Axe
23:26 Horse Collar
24:01 Bow Saw
24:05 Town Watch
24:24 Fletching
26:19 Forging
26:19 Scale Barding Armor
28:39 Wheelbarrow
28:14 Bodkin Arrow
Scelerat
16:08 Feudal Age
16:44 Arson
16:46 Man-at-Arms
17:30 Fishing Lines
31:05 Castle Age
28:56 Double-Bit Axe
LissyOnMars
5:44 Loom
12:48 Feudal Age
21:18 Castle Age
24:36 Elite Skirmisher
28:46 Padded Archer Armor
28:37 Fletching
Connection lost

Rejoining the realm…

Still unreachable

The connection could not be restored.

Session expired

The server has moved on; the page needs a fresh start.